 Dungeon Crawl Stone Soup version 0.25-a0-591-g2ad0d861f1 (webtiles) character file.

Game seed: 13627944356369889761, levelgen mode: deterministic

81 n0claF the Shooter (level 4, -7/37 HPs)
             Began as a Centaur Hunter on Mar 13, 2020.
             Killed by divine providence
             ... invoked by an orc priest
              (11 damage)
             ... on level 3 of the Dungeon.
             The game lasted 00:04:37 (2221 turns).

n0claF the Shooter (Centaur Hunter)                 Turns: 2221, Time: 00:04:38

Health: -7/37      AC:  4    Str: 14    XL:     4   Next: 20%
Magic:  4/4        EV:  9    Int: 10    God:
Gold:   59         SH:  0    Dex: 11    Spells: 3/3 levels left

rFire    . . .     SeeInvis .   b - +0 short sword
rCold    . . .     Gourm    .   (no shield)
rNeg     . . .     Faith    .   c - +0 leather armour
rPois    .         Spirit   .   (no helmet)
rElec    .         Reflect  .   (no cloak)
rCorr    .         Harm     .   (no gloves)
MR       .....                  (no barding)
Stlth    +.........             (no amulet)
HPRegen  0.12/turn              (no ring)
MPRegen  0.09/turn              (no ring)

@: very quick
A: large, hooves 3, deformed body, speed 2, tough skin 3
a: no special abilities


You were on level 3 of the Dungeon.
You were not hungry.

You visited 1 branch of the dungeon, and saw 3 of its levels.

You collected 59 gold pieces.

Inventory:

Hand Weapons
 a - a +1 shortbow
 b - a +0 short sword (weapon)
 f - a +0 hunting sling
   (You found it on level 1 of the Dungeon)
Missiles
 d - 20 arrows
 g - 23 bolts
 o - 20 stones (quivered)
Armour
 c - a +0 leather armour (worn)
Jewellery
 i - an uncursed ring of fire {unknown}
   (You found it on level 1 of the Dungeon)
Wands
 p - a wand of polymorph (18)
   (You found it on level 2 of the Dungeon)
Scrolls
 h - 2 scrolls of identify {unknown}
 k - a scroll of fog {unknown}
 l - 2 scrolls of remove curse {unknown}
 n - a scroll of enchant weapon {unknown}
 q - a scroll of random uselessness {unknown}
 t - a scroll of teleportation {unknown}
 w - a scroll of immolation {unknown}
Potions
 m - 3 potions of curing {unknown}
 r - a potion of resistance {unknown}
 s - a potion of mutation {unknown}
 u - a potion of invisibility {unknown}
 v - a potion of degeneration {unknown}
Comestibles
 e - 8 rations {!d}
 j - 2 chunks of flesh


   Skills:
 + Level 2.8 Fighting
 * Level 6.7 Bows
 + Level 1.8 Dodging
 - Level 0.4 Stealth


You had 3 spell levels left.
You didn't know any spells.
Your spell library was empty.

Dungeon Overview and Level Annotations

Branches:
Dungeon (3/15)

Altars:


Innate Abilities, Weirdness & Mutations

You have hooves in place of feet.
Armour fits poorly on your strangely shaped body.
You cover ground very quickly.
You have extremely tough skin. (AC +3)


Message History

Aim: an orc priest, wielding a +0 club and wearing a +0 leather armour You shoot a stone.
The stone barely misses the orc priest.
The orc priest closely misses you.
Firing (i - inventory)
o - 25 stones (quivered)
Aim: an orc priest, wielding a +0 club and wearing a +0 leather armour You shoot a stone.
The stone hits the orc priest but does no damage.
The orc priest hits you with a +0 club.
Firing (i - inventory)
o - 24 stones (quivered)
Aim: an orc priest, wielding a +0 club and wearing a +0 leather armour You shoot a stone.
The stone hits the orc priest but does no damage.
The orc priest hits you but does no damage.
Firing (i - inventory)
o - 23 stones (quivered)
Aim: an orc priest, wielding a +0 club and wearing a +0 leather armour You shoot a stone.
The stone barely misses the orc priest.
The orc priest hits you with a +0 club. The orc priest barely misses you.
Firing (i - inventory)
o - 22 stones (quivered)
Aim: an orc priest, wielding a +0 club and wearing a +0 leather armour You shoot a stone.
The stone closely misses the orc priest.
The orc priest completely misses you.
Firing (i - inventory)
o - 21 stones (quivered)
Aim: an orc priest, wielding a +0 club and wearing a +0 leather armour You shoot a stone.
The stone closely misses the orc priest.
The orc priest calls down the wrath of Beogh upon you.
Pain shoots through your body!
* * * LOW HITPOINT WARNING * * *
Some of the chunks of flesh in your inventory have rotted away.
You are too injured to fight recklessly!
Unknown command.
b - a +0 short sword (weapon)
You hit the orc priest but do no damage.
The orc priest hits you with a +0 club.
* * * LOW HITPOINT WARNING * * *
You closely miss the orc priest. Your kick misses the orc priest.
The orc priest looks satisfied for a moment.
You hit the orc priest. Your kick misses the orc priest.
The orc priest mumbles some strange prayers to Beogh against you.
Beogh smites you!
* * * LOW HITPOINT WARNING * * *
You hit the orc priest. You kick the orc priest.
The orc priest hits you but does no damage.
You completely miss the orc priest. Your kick misses the orc priest.
The orc priest hits you but does no damage.
You hit the orc priest but do no damage.
The orc priest mumbles some strange prayers to Beogh against you.
Beogh smites you!
You die...

#.# #[# ##.## #...#
#...# ######..
#.).#####.......
#####.........# #
#.)...........##(#
...............@o#
##.............##..#.
#####...............#
#...#########.###
#...# ..... .##...


You could see an orc priest.

Vanquished Creatures
  2 gnolls (D:3)
  2 adders (D:2)
  A worm (D:2)
  2 dart slugs (D:2)
  4 orcs (D:3)
  6 giant cockroaches
  A goblin (D:2)
  3 hobgoblins
  3 bats
  A frilled lizard (D:2)
  5 kobolds
  4 rats
34 creatures vanquished.

Notes
Turn   | Place    | Note
-------+----------+-------------------------------------------
     0 | D:1      | n0claF the Centaur Hunter began the quest for the Orb.
     0 | D:1      | Reached XP level 1. HP: 17/17 MP: 1/1
   450 | D:1      | Reached XP level 2. HP: 24/24 MP: 2/2
   887 | D:2      | Reached skill level 6 in Bows
  1092 | D:2      | Reached XP level 3. HP: 20/30 MP: 3/3
  1986 | D:3      | Reached XP level 4. HP: 32/37 MP: 4/4
  2221 | D:3      | Killed from afar by an orc priest

Levels and vault maps discovered:
D:1:      dpeg_arrival_round_a, layout_loops_ring, minmay_pentomino_u2
D:2:      layout_loops_ring, first_ration
D:3:      layout_loops_cross, uniq_natasha, uniq_robin, uniq_sigmund

Skill      XL: |  1  2 |
---------------+-------+-----
Bows           | 6 |  6.7
Fighting       | |  2.8
Dodging        | |  1.8
Stealth        | |  0.4

Action                   |  1- 3 |  4- 6 || total
-------------------------+-------+-------++-------
Melee: Short sword       |       |     6 ||     6
       Kick              |       |     1 ||     1
 Fire: Shortbow          |    75 |       ||    75
       Hunting sling     |    35 |    27 ||    62
  Eat: Ration            |     1 |       ||     1
Armor: Leather armour    |     5 |     3 ||     8
Dodge: Dodged            |    14 |    13 ||    27

Table legend:
 A = Non-vault XP
 B = Vault XP
 C = Vault XP percentage of total XP
 D = Non-vault monster count
 E = Vault monster count
 F = Vault count percentage of total count
                 A         B        C        D         E       F
            +---------+---------+-------+---------+---------+-------
      Total |     116 |       1 |   0.9 |      33 |       1 |   2.9
            +---------+---------+-------+---------+---------+-------
        D:1 |      15 |       1 |   6.2 |      10 |       1 |   9.1
        D:2 |      56 |       0 |   0.0 |      15 |       0 |   0.0
        D:3 |      45 |       0 |   0.0 |       8 |       0 |   0.0
            +---------+---------+-------+---------+---------+-------
